 Dungeon Crawl Stone Soup version 0.27.1 (webtiles) character file.

Game seed: 16734785995998917583

32 ZARRMARR the Chopper (level 3, 0/33 HPs)
             Began as a Hill Orc Monk on Aug 25, 2021.
             Slain by a gnoll (6 damage)
             ... on level 2 of the Dungeon.
             The game lasted 00:04:32 (1530 turns).

ZARRMARR the Chopper (Hill Orc Monk)                Turns: 1530, Time: 00:04:32

Health: 0/33       AC:  8    Str: 14    XL:     3   Next: 27%
Magic:  3/3        EV:  9    Int: 10    God:
Gold:   67         SH:  0    Dex: 13    Spells: 2/2 levels left

rFire    . . .     SeeInvis .   a - +0 hand axe
rCold    . . .     Faith    .   (no shield)
rNeg     . . .     Spirit   .   j - +1 scale mail
rPois    .         Reflect  .   b - +0 helmet
rElec    .         Harm     .   f - scarf {+Inv}
rCorr    .         Rampage  .   (no gloves)
Will     .....                  (no boots)
Stlth    ..........             (no amulet)
HPRegen  0.11/turn              (no ring)
MPRegen  0.08/turn              (no ring)

@: no status effects
A: no striking features
a: Evoke Invisibility


You were on level 2 of the Dungeon.
You visited 1 branch of the dungeon, and saw 2 of its levels.

You collected 67 gold pieces.

Inventory:

Hand Weapons
 a - a +0 hand axe (weapon)
Missiles
 g - 3 datura-tipped darts (quivered)
Armour
 b - a +0 helmet (worn)
 f - a scarf of invisibility (worn)
 j - a +1 scale mail (worn)
Scrolls
 e - 2 scrolls of holy word
Potions
 c - a potion of haste {unknown}
 d - 2 potions of curing {unknown}
 i - a potion of magic {unknown}


   Skills:
 + Level 4.2 Fighting
 + Level 4.7 Axes
 - Level 2.6 Dodging
 - Level 1.6 Stealth


You had 2 spell levels left.
You didn't know any spells.
Your spell library was empty.

Dungeon Overview and Level Annotations

Branches:
Dungeon (2/15)

Altars:

Shops:
D:2 !


Message History

The gnoll shouts!
The hobgoblin misses you.
You completely miss the hobgoblin. You hit the gnoll but do no damage.
A gnoll comes into view. It is wielding a +0 flail.
A gnoll comes into view. It is wielding a +0 club.
The hobgoblin hits you. The gnoll closely misses you.
You barely miss the hobgoblin. You hit the gnoll.
The hobgoblin closely misses you. The gnoll misses you.
You slash the hobgoblin!
You kill the hobgoblin!
You hit the gnoll but do no damage. The gnoll hits you with a +0 whip.
You closely miss the gnoll. You hit the gnoll but do no damage.
The gnoll hits you with a +0 flail! The gnoll hits you but does no damage.
You hit the gnoll but do no damage. You closely miss the gnoll.
The gnoll hits you with a +0 flail.
You hit the gnoll but do no damage. You hit the gnoll. x2
The gnoll hits you with a +0 flail. The gnoll hits you with a +0 whip.
The gnoll hits you with a +0 club.
You hit the gnoll.
The gnoll is lightly wounded.
You barely miss the gnoll. You hit the gnoll but do no damage.
The gnoll barely misses you. The gnoll hits you with a +0 whip.
* * * LOW HITPOINT WARNING * * *
The gnoll hits you with a +0 club.
* * * LOW HITPOINT WARNING * * *
You barely miss the gnoll.
The gnoll is heavily wounded.
The gnoll barely misses you.
You hit the gnoll.
The gnoll is severely wounded.
The gnoll hits you but does no damage.
You hit the gnoll but do no damage.
The gnoll is moderately wounded.
You hit the gnoll.
The gnoll is severely wounded.
The gnoll hits you but does no damage.
You hit the gnoll.
The gnoll is severely wounded.
The gnoll hits you with a +0 club.
You die...

### ..# #.### ## #.# #.#
.... .. ###.# #.#
#..##.# ...#.# ##.##
#.....# .#.#.#
##...######g....#
.#.#.###........@gg...##
.#.#.##.......#####..##
.....#.........# ...#
.....'.........+ .....
...###.....†...# ...###
...# ##.......## #.##
...# ##.....## .# ...#
##...## .### ##+##


You could see 3 gnolls.

Vanquished Creatures
  A worm (D:2)
  A dart slug (D:2)
  3 ball pythons
  2 endoplasms
  4 hobgoblins
  7 jackals (D:1)
  A bat (D:1)
  A frilled lizard (D:1)
  2 goblins (D:1)
  A kobold (D:2)
  A rat (D:1)
24 creatures vanquished.

Notes
Turn   | Place    | Note
-------+----------+-------------------------------------------
     0 | D:1      | ZARRMARR the Hill Orc Monk began the quest for the Orb.
     0 | D:1      | Reached XP level 1. HP: 19/19 MP: 1/1
   425 | D:1      | Reached XP level 2. HP: 25/27 MP: 2/2
  1288 | D:2      | Reached XP level 3. HP: 32/33 MP: 3/3
  1440 | D:2      | Found Raimniol's Distillery.
  1530 | D:2      | Slain by a gnoll

Illustrated notes

Levels and vault maps discovered:
D:1:      lightli_arrival_windingriver, layout_loops_ring, minmay_statues_item
D:2:      layout_loops_corners, serial_shops, shop, kennysheep_flooded_box

Skill      XL: |  1  2 |
---------------+-------+-----
Fighting       | 4 |  4.2
Axes           | |  4.7
Dodging        | |  2.6
Stealth        | |  1.6

Action                   || total
-------------------------++-------
Melee: Hand axe          ||    90
  Use: Scroll            ||     3
Armor: Robe              ||    19
       Scale mail        ||    12
Dodge: Dodged            ||    65
